Map: 캑터스 밸리 - 래더 (공허)

Players

ByuN - Winner!

  • Race: Terran Terran
  • Spawn Location: 1:00

Solar

  • Race: Zerg Zerg
  • Spawn Location: 7:00

Event: IEM XI Katowice - World Championship 2017

VOD

https://www.youtube.com/watch?v=L1SWJ0tv0Ho

Description

Time

  • Played on: March 2, 2017, midnight
  • Length: 12:20

All games in this series

Show
View Real Time Build Order
Export as new Build Order

ByuN Terran - Winner!

Build Orders: MMM Bio 

Get SALT Encoding   

  12  0:00  SCV  
  13  0:13  SCV  
  14  0:17  Supply Depot  
  14  0:25  SCV  
  15  0:38  SCV  
  15  0:40  Barracks  
  16  0:43  Refinery  
  16  0:50  SCV  
  17  0:58  Barracks  
  17  1:03  SCV  
  18  1:15  SCV  
  19  1:19  Barracks  
  19  1:27  Reaper  
  20  1:35  Orbital Command  
  20  1:40  Refinery  
  20  1:45  Reaper  
  21  1:53  Supply Depot  
  21  2:00  SCV  
  22  2:05  Reaper  
  23  2:15  Reaper, SCV  
  25  2:22  Reaper  
  26  2:26  Supply Depot  
  26  2:27  SCV  
  27  2:37  Reaper  
  27  2:39  SCV  
  29  2:47  Reaper  
  29  2:51  SCV  
  31  2:54  Reaper  
  32  3:00  Command Center  
  32  3:06  SCV  
  33  3:14  Reaper  
  33  3:18  SCV  
  33  3:19  Reaper  
  36  3:26  Reaper  
  37  3:30  SCV  
  37  3:42  Supply Depot  
  37  3:43  SCV  
  37  3:47  Reaper  
  39  4:03  Supply Depot, Reaper x2, SCV  
  41  4:15  SCV  
  42  4:19  Reaper  
  41  4:25  Command Center  
  41  4:27  SCV  
  41  4:29  Orbital Command  
  42  4:35  Barracks Tech Lab  
  42  4:37  Barracks Reactor  
  42  4:39  SCV  
  43  4:51  Factory  
  43  4:52  Barracks Reactor  
  44  4:54  Marine  
  44  4:56  Stimpack, SCV x2  
  46  5:05  Refinery  
  46  5:06  Refinery  
  46  5:08  SCV x2  
  46  5:12  Marine  
  49  5:15  Marine x2  
  49  5:20  Bunker, SCV x2  
  53  5:30  Marine x3, Engineering Bay  
  53  5:31  Engineering Bay  
  53  5:32  SCV  
  53  5:33  Marine x2, SCV  
  60  5:35  Factory Reactor, Starport  
  60  5:44  Orbital Command  
  60  5:48  Marine  
  60  5:49  Marine x2  
  61  5:50  Marine  
  61  5:52  SCV  
  63  6:04  Marine  
  63  6:06  Marine x2  
  63  6:07  Marine  
  63  6:08  SCV x2  
  63  6:10  Terran Infantry Weapons Level 1  
  69  6:11  Terran Infantry Armor Level 1  
  69  6:17  Supply Depot  
  69  6:25  Factory Reactor  
  69  6:26  Marine x4  
  69  6:27  Marine  
  69  6:28  Orbital Command  
  69  6:32  Medivac  
  76  6:34  Medivac  
  76  6:37  SCV  
  76  6:38  SCV  
  80  6:45  Marine  
  80  6:46  Marine x4  
  85  6:50  SCV x2  
  85  6:52  Armory  
  85  6:54  SCV  
  88  6:57  Combat Shields  
  88  7:02  SCV x2  
  88  7:03  Medivac  
  88  7:06  SCV  
  93  7:17  Marine x3, Widow Mine, Medivac  
  93  7:18  Marine  
  93  7:22  Supply Depot  
  101  7:24  Marine, Widow Mine, SCV  
  101  7:29  Barracks  
  105  7:30  Barracks  
  105  7:31  SCV x2  
  105  7:36  SCV  
  108  7:41  Supply Depot  
  108  7:42  Marine  
  108  7:43  Marine x4  
  108  7:44  SCV x2  
  115  7:47  Widow Mine  
  117  7:51  SCV  
  108  8:00  Marine, Medivac x2  
  108  8:01  Marine x2, SCV x2  
  108  8:02  Marine  
  108  8:03  SCV  
  119  8:08  Terran Infantry Weapons Level 2  
  119  8:12  Terran Infantry Armor Level 2  
  116  8:21  Marine x2  
  116  8:22  Marine x2, Widow Mine x2  
  116  8:23  Barracks Reactor  
  116  8:24  Barracks Reactor  
  122  8:33  Marine  
  123  8:38  Marine  
  123  8:39  Marine  
  125  8:41  Marine  
  125  8:44  Marine  
  113  8:50  Bunker  
  113  8:51  Marine, Widow Mine x2, Barracks  
  113  8:52  Barracks x2  
  113  8:53  SCV x2  
  113  8:54  SCV  
  121  8:56  Marine  
  121  9:00  Marine x3  
  121  9:01  Marine  
  121  9:02  Marine  
  125  9:07  Marine x2  
  127  9:18  Supply Depot x2  
  127  9:19  Widow Mine x2  
  127  9:20  Marine x2  
  133  9:28  Marine x4  
  133  9:29  Marauder  
  133  9:42  Marine  
  133  9:43  Marine x5  
  133  9:44  Command Center  
  130  9:46  Liberator x2  
  130  9:48  Widow Mine x2  
  130  9:50  Marauder  
  130  9:51  Marine x2  
  130  9:52  Marine x2  
  126  10:00  Marine  
  126  10:01  Marine x3, Barracks Tech Lab x2, Barracks Reactor  
  135  10:10  Marine x2  
  135  10:11  Marine x3  
  140  10:16  Widow Mine x2  
  140  10:20  Marine x3  
  140  10:21  Marine  
  148  10:23  Supply Depot  
  148  10:26  Supply Depot  
  148  10:28  Marauder  
  150  10:30  Marauder  
  141  10:39  Marine x2, Marauder  
  141  10:40  Marine x3  
  141  10:41  Marine  
  141  10:42  Marine  
  150  10:46  Medivac x2  
  150  10:49  Marauder  
  156  10:50  Marine  
  156  10:56  Command Center  
  157  10:57  Marine, Widow Mine  
  157  10:59  Marine x3  
  157  11:03  Marine x2  
  165  11:10  Widow Mine  
  157  11:11  Marine x2  
  157  11:14  Marine x3  
  157  11:17  Marauder x2  
  157  11:18  Marine  
  155  11:20  Marine x2, Medivac x2  
  155  11:21  Marine  
  162  11:26  Widow Mine  
  162  11:29  Marine x2  
  166  11:36  Marine x2, Marauder  
  166  11:37  Marine  
  166  11:38  Marauder  
  166  11:39  Marine, Widow Mine  
  170  11:47  Marine x3  
  170  11:48  Marine  
  170  11:50  Marine  
  170  11:51  Marine  
  173  11:57  Marine  
  173  11:58  Marine x2  
  173  11:59  Marauder  
  173  12:00  Marine  
  162  12:02  Marine  
  165  12:17  Missile Turret  
Show
View Real Time Build Order
Export as new Build Order

Solar Zerg 

Build Orders: Hatch First 

Get SALT Encoding   

  12  0:01  Drone  
  13  0:12  Overlord  
  13  0:16  Drone  
  14  0:30  Drone x2  
  16  0:37  Drone  
  17  0:51  Hatchery  
  17  0:54  Drone  
  17  0:58  Drone  
  17  1:02  Extractor  
  17  1:12  Spawning Pool  
  17  1:16  Drone  
  17  1:18  Drone  
  18  1:27  Drone  
  19  1:38  Overlord  
  19  2:00  Zergling x2, Queen  
  19  2:01  Zergling x2  
  23  2:03  Queen  
  23  2:04  Drone  
  23  2:05  Metabolic Boost  
  26  2:12  Drone  
  26  2:14  Drone  
  28  2:21  Drone  
  29  2:25  Drone  
  30  2:35  Hatchery  
  29  2:38  Drone  
  29  2:41  Drone  
  31  2:44  Drone  
  31  2:48  Overlord  
  31  2:51  Queen  
  32  2:54  Zergling x2  
  35  3:03  Queen  
  35  3:07  Zergling x2  
  35  3:08  Zergling x4  
  35  3:12  Zergling x4  
  40  3:14  Zergling x2  
  40  3:16  Zergling x2  
  40  3:18  Zergling x2  
  43  3:22  Zergling x2  
  44  3:28  Overlord  
  44  3:30  Overlord  
  44  3:39  Zergling x4  
  44  3:41  Queen  
  44  3:43  Zergling x2  
  44  3:47  Zergling x2  
  40  3:50  Zergling x2  
  41  3:56  Queen  
  41  3:57  Zergling x2  
  41  3:59  Zergling x2  
  41  4:00  Zergling x4  
  41  4:01  Zergling x2  
  46  4:08  Zergling x2  
  44  4:13  Zergling x2  
  44  4:17  Queen  
  43  4:20  Zergling x8  
  47  4:27  Zergling x2  
  48  4:33  Zergling x2  
  48  4:34  Zergling x2  
  48  4:35  Hatchery  
  49  4:44  Zergling x2  
  51  4:45  Zergling x2  
  51  4:51  Overlord  
  51  4:52  Zergling x6  
  54  4:56  Drone  
  55  5:03  Zergling x2  
  55  5:05  Drone x3  
  59  5:08  Overlord  
  59  5:14  Drone  
  59  5:21  Drone  
  61  5:24  Drone x3  
  61  5:26  Overlord  
  61  5:27  Queen  
  66  5:29  Drone  
  67  5:36  Drone x3  
  67  5:39  Evolution Chamber x2  
  67  5:40  Drone  
  69  5:49  Drone x2  
  70  5:57  Drone x2  
  70  5:58  Queen  
  70  5:59  Overlord  
  72  6:04  Drone x2  
  72  6:05  Drone  
  72  6:10  Drone x2  
  77  6:11  Extractor, Zerg Ground Armor Level 1  
  77  6:12  Drone  
  77  6:14  Zerg Melee Weapons Level 1, Zergling x2  
  77  6:15  Zergling x2  
  77  6:17  Zergling x2  
  80  6:18  Zergling x2  
  80  6:19  Zergling x2  
  80  6:20  Zergling x2  
  83  6:30  Overlord  
  83  6:31  Drone x2  
  85  6:36  Drone  
  85  6:37  Baneling Nest, Drone x2  
  87  6:41  Drone  
  87  6:42  Drone x2  
  90  6:50  Drone x2  
  90  6:51  Drone  
  93  6:55  Lair  
  93  6:58  Extractor  
  93  6:59  Extractor  
  93  7:00  Drone  
  93  7:01  Drone  
  93  7:04  Overlord  
  93  7:07  Hatchery  
  93  7:08  Drone x5  
  96  7:09  Drone  
  96  7:12  Overlord  
  96  7:14  Overlord  
  98  7:17  Overlord  
  98  7:21  Baneling x6  
  97  7:23  Zergling x6  
  97  7:28  Queen  
  97  7:29  Baneling x2  
  102  7:32  Zergling x6  
  102  7:35  Baneling  
  102  7:36  Baneling x3  
  105  7:39  Zergling x8  
  105  7:43  Zergling x2  
  105  7:44  Zergling x8  
  113  7:54  Zergling x10  
  106  7:59  Zergling x2  
  106  8:00  Zergling x2  
  106  8:01  Baneling x2  
  106  8:02  Centrifical Hooks  
  107  8:05  Zergling x2  
  107  8:07  Zergling x4  
  107  8:08  Zergling x2  
  111  8:16  Zergling x2  
  111  8:17  Zergling x10  
  111  8:18  Zerg Ground Armor Level 2  
  113  8:21  Zergling x2  
  113  8:24  Zergling x2  
  112  8:27  Queen  
  112  8:30  Drone x3  
  115  8:36  Zerg Melee Weapons Level 2  
  115  8:38  Drone x2  
  115  8:40  Zergling x10  
  115  8:41  Zergling x4  
  123  8:44  Zergling x2  
  120  8:49  Baneling x3  
  120  8:51  Zergling x2, Infestation Pit  
  120  8:52  Zergling x4  
  122  8:56  Overlord  
  122  9:00  Zergling x6  
  125  9:03  Zergling x2  
  125  9:04  Zergling x10  
  131  9:15  Overlord x2  
  131  9:16  Zergling x4  
  133  9:18  Overlord  
  133  9:22  Zergling x6  
  135  9:24  Overlord  
  135  9:26  Overseer  
  135  9:27  Baneling x5  
  135  9:28  Baneling x6  
  135  9:30  Overlord  
  135  9:33  Overlord  
  135  9:35  Overlord  
  134  9:43  Zergling x12  
  134  9:44  Baneling x2  
  129  9:46  Zergling x2  
  129  9:48  Zergling x2, Hive  
  129  9:49  Zergling x6  
  129  9:50  Zergling x8  
  130  9:55  Baneling  
  130  9:56  Zergling x2, Baneling x9  
  130  9:57  Zergling x2  
  132  10:00  Extractor  
  132  10:01  Drone x2  
  132  10:02  Drone x2  
  132  10:03  Drone  
  135  10:08  Zergling x4  
  135  10:12  Zergling x2  
  133  10:17  Overlord  
  133  10:19  Zergling x16  
  141  10:23  Drone  
  142  10:30  Zergling x2  
  142  10:31  Zergling x8  
  142  10:35  Overlord  
  145  10:37  Baneling  
  145  10:38  Baneling x9  
  145  10:40  Zergling x4  
  145  10:44  Baneling x3  
  145  10:45  Hatchery, Baneling x2  
  145  10:48  Zergling x10  
  149  10:53  Zergling x10  
  153  11:03  Zergling x10  
  157  11:04  Ultralisk Cavern  
  157  11:08  Hatchery  
  138  11:14  Zergling x16  
  141  11:23  Overlord  
  138  11:30  Zergling x14  
  139  11:37  Drone x4  
  139  11:38  Zergling x2  
  142  11:43  Baneling  
  142  11:44  Baneling x9, Drone x3  
  142  11:46  Zergling x6  
  136  11:49  Zergling x2  
  136  11:50  Zergling x2  
  131  11:57  Zergling x6  
  131  12:00  Zergling x6  
  110  12:03  Zergling x4  

Tags
 
Add a new tag
Caveats
  • Supply blocks, unpowered buildings, or Contaminate may cause inaccurate times.
  • Supply counts are checked every 10 seconds.